 Dungeon Sprint DCSS version 0.28.0-47-ge53b351184 (webtiles) character file.

Game seed: 10356555829595763713

75 Iusername the Covered (level 4, -4/45 HPs)
             Began as a Minotaur Fighter on May 5, 2022.
             Drowned by a water elemental (7 damage)
             ... in the Dungeon (Sprint III: "The Ten Rune Challenge").
             The game lasted 00:01:59 (336 turns).

Iusername the Covered (Minotaur Fighter)             Turns: 336, Time: 00:01:59

Health: -4/45      AC:  6    Str: 22    XL:     4   Next: 11%
Magic:  3/3        EV:  9    Int:  5    God:
Gold:   17         SH:  5    Dex: 10    Spells: 3/3 levels left

rFire   . . .      SeeInvis .   a - +0 long sword
rCold   . . .      Faith    .   c - +0 buckler
rNeg    . . .      Spirit   .   b - +0 scale mail
rPois   .          Reflect  .   (helmet restricted)
rElec   .          Harm     .   n - +0 cloak {Stlth+}
rCorr   .          Rampage  .   (no gloves)
Will    .....      NoTele   +   (no boots)
Stlth   +.........              (no amulet)
HPRegen 0.15/turn               (no ring)
MPRegen 0.08/turn               (no ring)

@: engulfed (cannot breathe)
A: horns 2, retaliatory headbutt, deformed body, MP-powered wands
a: no special abilities


You were in the Dungeon.
You visited 1 branch You collected 17 gold pieces.

Inventory:

Hand Weapons
 a - a +0 long sword (weapon)
 m - a +2 quarterstaff of chaos
Armour
 b - a +0 scale mail (worn)
 c - a +0 buckler (worn)
 n - a +0 cloak of stealth (worn)
Wands
 k - a wand of flame (15)
 l - a wand of digging (3)
Scrolls
 j - a scroll of blinking
 o - a scroll of holy word {unknown}
 p - 2 scrolls of identify {unknown}
 r - a scroll of torment {unknown}
Potions
 d - a potion of might
 e - a potion of curing
 f - a potion of heal wounds
 g - a potion of haste
 h - 2 potions of magic
 i - a potion of berserk rage
 q - a potion of brilliance {unknown}
 s - 2 potions of flight


   Skills:
 + Level 6.3 Fighting
 + Level 4.1 Long Blades
 + Level 6.5 Armour
 + Level 0.1 Dodging
 + Level 6.1 Shields


You had 3 spell levels left.
You didn't know any spells.
Your spell library contained the following spells:

 Spells                   Type           Power      Damage    Failure   Level
 Ensorcelled Hibernation  Hex/Ice        0%         N/A       94%         2
 Spider Form              Tmut/Pois      0%         N/A       99%         3
 Anguish                  Hex/Necr       0%         N/A       100%        4


Dungeon Overview and Level Annotations

Branches:
Dungeon (1/1)

Altars:


Innate Abilities, Weirdness & Mutations

You have a pair of horns on your head.
You reflexively headbutt those who attack you in melee.
Armour fits poorly on your strangely shaped body.
You expend magic power (3 MP) to strengthen your wands.


Message History

t - 4 potions of mutation (gained 1);
t - 6 potions of mutation (gained 2)
There are no items here.
You feel extremely strange.
You feel resistant to heat.
You feel extremely strange.
You no longer feel heat resistant.
You feel a little pissed off.
You feel extremely strange.
You feel a little more calm.
You feel agile.
You feel weaker.
You feel extremely strange.
You feel clumsy.
You feel stronger.
You feel a hidden potential growing inside you.
You feel a little pissed off.
Your connection to magic feels subdued.
You feel extremely strange.
You no longer feel a hidden potential within.
You feel a little more calm.
Your magic regains its normal vibrancy.
You feel a little pissed off.
You feel extremely strange.
You feel a little more calm.
Your body twists and deforms.
You feel your magical essence link to the dungeon's wands.
Sorry, you're not good enough to have a special ability.
There is an open door here.
You enter the shallow water.
Moving in this stuff is going to be slow.
You see here the gnoll corpse of Crazy Yiuf.
As you open the door, it creaks loudly!
A water elemental comes into view.
A water elemental is nearby!
The water elemental hits you!
There is an open door to the Ecumenical Temple, spattered with blood here.
The water elemental hits you!
The water elemental engulfs you in water!
You slash the water elemental! You headbutt the water elemental!
The water elemental is severely damaged.
* * * LOW HITPOINT WARNING * * *
Your lungs strain for air!
The water elemental hits you!
* * * LOW HITPOINT WARNING * * *
You hit the water elemental.
The water elemental is severely damaged.
You die...

▓▓▓▓▓▓▓▓▓ ▓▓▓
#..'....♣♣♣ ♣.#
#..#....♣.♣ ♣♣.#
####.....♣♣ ..#
†..#....≈♣♣♣♣♣.###+#+###
...#...≈≈†...♣.#........
...#..≈≈≈≈♣..♣.'@⌠......
##'#..≈≈≈≈≈≈♣..#E..#####
.)†#.≈≈≈≈≈≈....#.⌠.#
...#.≈≈≈≈≈.....#...#
...#.≈≈≈.......#+###
####...........#
........÷......#
▓▓▓▓▓▓▓▓▓▓▓▓▓▓▓▓


You could see a water elemental.

Vanquished Creatures
  Crazy Yiuf (D)
  Jessica (D)
  A human (D)
  An endoplasm (D)
  2 rats (D)
6 creatures vanquished.

Notes
Turn   | Place    | Note
-------+----------+-------------------------------------------
     0 | D        | Iusername the Minotaur Fighter began the quest for the Orb.
     0 | D        | Reached XP level 1. HP: 19/19 MP: 0/0
    11 | D        | Noticed Jessica
    13 | D        | Killed Jessica
    14 | D        | Reached skill level 5 in Fighting
    14 | D        | Reached skill level 5 in Armour
    14 | D        | Reached skill level 5 in Shields
    14 | D        | Reached XP level 2. HP: 29/29 MP: 1/1
    14 | D        | Reached XP level 3. HP: 36/36 MP: 2/2
   268 | D        | Noticed Crazy Yiuf
   274 | D        | Killed Crazy Yiuf
   275 | D        | Reached XP level 4. HP: 43/45 MP: 3/3
   313 | D        | Gained mutation: Your flesh is heat resistant. (rF+)
                  | [potion of mutation]
   314 | D        | Lost mutation: Your flesh is heat resistant. (rF+) [potion
                  | of mutation]
   314 | D        | Gained mutation: You tend to lose your temper in combat.
                  | [potion of mutation]
   315 | D        | Lost mutation: You tend to lose your temper in combat.
                  | [potion of mutation]
   315 | D        | Gained mutation: You are agile. (Dex +2) [potion of
                  | mutation]
   315 | D        | Gained mutation: You are weak. (Str -2) [potion of
                  | mutation]
   316 | D        | Lost mutation: You are agile. (Dex +2) [potion of mutation]
   316 | D        | Lost mutation: You are weak. (Str -2) [potion of mutation]
   316 | D        | Gained mutation: You have hidden genetic potential. [potion
                  | of mutation]
   316 | D        | Gained mutation: You tend to lose your temper in combat.
                  | [potion of mutation]
   316 | D        | Gained mutation: Your spells are a little easier to cast,
                  | but a little less powerful. [potion of mutation]
   317 | D        | Lost mutation: You have hidden genetic potential. [potion
                  | of mutation]
   317 | D        | Lost mutation: You tend to lose your temper in combat.
                  | [potion of mutation]
   317 | D        | Lost mutation: Your spells are a little easier to cast, but
                  | a little less powerful. [potion of mutation]
   317 | D        | Gained mutation: You tend to lose your temper in combat.
                  | [potion of mutation]
   318 | D        | Lost mutation: You tend to lose your temper in combat.
                  | [potion of mutation]
   318 | D        | Gained mutation: Armour fits poorly on your strangely
                  | shaped body. [potion of mutation]
   318 | D        | Gained mutation: You expend magic power (3 MP) to
                  | strengthen your wands. [potion of mutation]
   332 | D        | Noticed a water elemental
   336 | D        | Drowned by a water elemental

Illustrated notes

Levels and vault maps discovered:
D:        dungeon_sprint_mu [sprint_mu_entry_forest, sprint_mu_temple_rooms,
          sprint_mu_d1_horrors, sprint_mu_d2_genie, sprint_mu_d3_branching,
          sprint_mu_orc_legion, sprint_mu_elf_gauntlet, sprint_mu_hive_nellie,
          sprint_mu_lair_fedhas, sprint_mu_vaults_butterflies,
          sprint_mu_slime_circle, sprint_mu_swamp_cave, sprint_mu_shoals_archi,
          sprint_mu_blade_basic, sprint_mu_crypt_lich, sprint_mu_tomb_spiral,
          sprint_mu_vestibule_basic, sprint_mu_gehenna_hellfire,
          sprint_mu_dis_giant, sprint_mu_tartarus_statrot,
          sprint_mu_cocytus_islands, sprint_mu_zot1]

Skill      XL: |  1  2  3 |
---------------+----------+-----
Fighting       | 5 6 |  6.3
Armour         | 5 6 |  6.5
Shields        | 5 6 |  6.1
Long Blades    | 3 4 |  4.1
Dodging        | |  0.1

Action                   |  1- 3 |  4- 6 || total
-------------------------+-------+-------++-------
Melee: Long sword        |    13 |     2 ||    15
       Headbutt          |     1 |     1 ||     2
  Use: Potion            |       |     6 ||     6
Armor: Scale mail        |     1 |       ||     1
Dodge: Dodged            |     9 |       ||     9
Block: Buckler           |     1 |       ||     1
